 Dungeon Crawl Stone Soup version 0.27-a0-1193-g8631133539 (webtiles) character file.

Game seed: 6502364802524078572

396 polve the Skirmisher (level 6, 0/50 HPs)
             Began as a Demonspawn Abyssal Knight on May 25, 2021.
             Was a Believer of Lugonu.
             Slain by a black bear (4 damage)
             ... on level 4 of the Dungeon.
             The game lasted 00:04:37 (5805 turns).

polve the Skirmisher (Demonspawn Abyssal Knight)    Turns: 5805, Time: 00:04:37

Health: 0/50       AC: 20    Str: 14    XL:     6   Next: 52%
Magic:  7/7        EV:  4    Int: 19    God:    Lugonu [**....]
Gold:   181        SH:  0    Dex: 13    Spells: 5/5 levels left

rFire    + . .     SeeInvis .   a - +1 short sword
rCold    . . .     Faith    .   (no shield)
rNeg     . . .     Spirit   .   l - +0 plate armour
rPois    .         Reflect  .   (no helmet)
rElec    .         Harm     .   k - +2 cloak
rCorr    .         Rampage  .   m - +1 pair of gloves
Will     .....                  e - +0 pair of boots
Stlth    ..........             (no amulet)
HPRegen  0.16/turn              d - ring of protection from fire
MPRegen  0.10/turn              t - +6 ring of intelligence

@: no status effects
A: talons 1, icy blue scales 1
a: Renounce Religion, Depart the Abyss, Bend Space


You were on level 4 of the Dungeon.
You worshipped Lugonu.
Lugonu was pleased with you.
You visited 1 branch of the dungeon, and saw 4 of its levels.
You visited the Abyss 1 time.

You collected 181 gold pieces.

Inventory:

Hand Weapons
 a - a +1 short sword (weapon)
Armour
 e - a +0 pair of boots (worn)
 k - a +2 cloak (worn)
 l - a +0 plate armour (worn)
 m - a +1 pair of gloves (worn)
 s - a +0 helmet
Jewellery
 d - a ring of protection from fire (left hand)
 t - a +6 ring of intelligence (right hand)
Scrolls
 f - a scroll of noise {unknown}
 h - 3 scrolls of holy word {unknown}
 i - 11 scrolls of identify {unknown}
 n - a scroll of vulnerability {unknown}
 q - a scroll of enchant armour {unknown}
Potions
 b - 2 potions of curing {unknown}
 c - a potion of flight
 g - 2 potions of brilliance
 j - a potion of invisibility
 o - a potion of heal wounds {unknown}
 p - 2 potions of attraction {unknown}
 r - 2 potions of might {unknown}


   Skills:
 + Level 4.8 Fighting
 - Level 4.0 Short Blades
 - Level 4.0 Armour
 - Level 0.8 Dodging
 - Level 2.4 Invocations


You had 5 spell levels left.
You didn't know any spells.
Your spell library contained the following spells:

 Spells                   Type           Power      Damage    Failure   Level
 Animate Skeleton         Necr           0%         N/A       100%        1
 Beastly Appendage        Tmut           0%         N/A       100%        1
 Pain                     Necr           0%         1d4       100%        1
 Wereblood                Tmut           0%         N/A       100%        2
 Spider Form              Tmut/Pois      0%         N/A       100%        3
 Vampiric Draining        Necr           0%         2d6       100%        3
 Animate Dead             Necr           0%         N/A       100%        4
 Ice Form                 Ice/Tmut       0%         N/A       100%        4
 Agony                    Necr           0%         N/A       100%        5
 Hydra Form               Tmut           0%         N/A       100%        5


Dungeon Overview and Level Annotations

Branches:
Dungeon (4/15)
 Temple: D:4-7

Altars:

Shops:
D:1 [!:[


Innate Abilities, Weirdness & Mutations

You have sharp toenails.
You are partially covered in icy blue scales. (AC +2)


Message History

You hit the black bear.
The black bear is severely wounded.
The black bear goes berserk!
You closely miss the black bear.
The black bear is severely wounded.
The black bear bites you but does no damage.
The black bear claws you but does no damage. x2
You hit the black bear.
The black bear is severely wounded.
The black bear bites you.
The black bear claws you but does no damage.
The black bear barely misses you. The black bear bites you!
The black bear claws you but does no damage. x2
You hit the black bear.
The black bear is almost dead.
The black bear bites you.
* * * LOW HITPOINT WARNING * * *
The black bear claws you but does no damage. x2
You puncture the black bear!
The black bear is almost dead.
The black bear bites you but does no damage.
The black bear claws you but does no damage.
The black bear claws you.
* * * LOW HITPOINT WARNING * * *
You closely miss the black bear.
The black bear is almost dead.
The black bear bites you.
* * * LOW HITPOINT WARNING * * *
The black bear claws you but does no damage.
The black bear barely misses you.
You hit the black bear but do no damage.
The black bear is almost dead.
The black bear bites you but does no damage.
The black bear claws you but does no damage. x2
The black bear barely misses you.
The black bear claws you but does no damage. x2
You closely miss the black bear.
The black bear is almost dead.
The black bear bites you.
You die...

...#####...####....####.#####.#
#### #...# ###### #..# #.# #
##### ####.####.# # #.........# #
#### #.........# # ######..##
#.........# ##..##....#
#.........###
#(...)....#####.).[.....#
#....##.@##[.##.#..##.#.#
##########..#####h....#.##.##.#.#
.....##..#'##.))##....#. #.##.#.#
####.#..†.##.....##..##. ..##.#.#
#...#....'.......##+##. #.##.#.#
#.####..##...8...##..## #..#.#.#
#.# ##'##......†'....# #.#.# #.#
##†.##.....##)...# #.# #.#.
#....##[.(##'#..## #.#


You could see a black bear (berserk).

Vanquished Creatures
  A necrophage (D:4)
  2 hounds (D:4)
  An orc priest (D:3)
  An iguana (D:4)
  2 orc wizards (D:3)
  4 adders
  An adder skeleton (D:4)
  2 worms
  7 dart slugs
  6 orcs
  7 ball pythons
  5 endoplasms
  5 giant cockroaches
  7 goblins
  10 hobgoblins
  5 jackals
  A quokka (D:3)
  7 bats
  4 frilled lizards
  4 kobolds
  7 rats
89 creatures vanquished.

Vanquished Creatures (others)
  A plant (D:3)
1 creature vanquished.

Grand Total: 90 creatures vanquished

Notes
Turn   | Place    | Note
-------+----------+-------------------------------------------
     0 | Abyss:1  | polve the Demonspawn Abyssal Knight began the quest for the
                  | Orb.
     0 | Abyss:1  | Reached XP level 1. HP: 18/18 MP: 2/2
    55 | Abyss:1  | Noticed a chaos spawn
    59 | Abyss:1  | Noticed a starcursed mass
    64 | D:1      | Escaped the Abyss
   340 | D:1      | Found a faded altar of an unknown god.
   536 | D:1      | Gained mutation: You are partially covered in icy blue
                  | scales. (AC +2) [demonic ancestry]
   536 | D:1      | Reached XP level 2. HP: 8/24 MP: 3/3
   855 | D:1      | Found Kythryicw's Antique Armour Emporium.
   948 | D:1      | Found Ukuuwnu's Book Shop.
   955 | D:1      | Found Ryizxic's Distillery.
   974 | D:1      | Reached * piety under Lugonu
   991 | D:1      | Found Feihe's Armour Emporium.
  1554 | D:2      | Reached XP level 3. HP: 29/29 MP: 4/4
  3165 | D:3      | Reached XP level 4. HP: 27/35 MP: 5/5
  3431 | D:3      | Reached ** piety under Lugonu
  3806 | D:3      | Reached XP level 5. HP: 20/41 MP: 6/6
  5612 | D:4      | Gained mutation: You have sharp toenails. [demonic
                  | ancestry]
  5612 | D:4      | Reached XP level 6. HP: 40/48 MP: 7/7
  5805 | D:4      | Slain by a black bear

Illustrated notes

Levels and vault maps discovered:
D:1:      roderic_crossed_star, layout_basic, serial_shops,
          nicolae_shop_crystal, nicolae_shop_crystal, shop, nicolae_shop_stone,
          hellmonk_ecumenical_altar_blasted, minmay_pentomino_x2
D:2:      layout_basic
D:3:      layout_loops_corners, serial_forest, infiniplex_forest_lined_3_way,
          infiniplex_forest_end_3, infiniplex_forest_lined_3_way,
          infiniplex_forest_straight_5, infiniplex_forest_end_2,
          infiniplex_forest_end_3, infiniplex_forest_join, lemuel_old_faithful
D:4:      minmay_bubble_buster, layout_basic

Skill      XL: |  1  2  3  4  5  6 |
---------------+-------------------+-----
Short Blades   | 2 3 4 |  4.0
Armour         | 3 4 |  4.0
Fighting       | 4 |  4.8
Dodging        | |  0.8
Invocations    | |  2.4

Action                   |  1- 3 |  4- 6 || total
-------------------------+-------+-------++-------
Melee: Short sword       |   179 |   279 ||   458
       Unarmed           |       |     7 ||     7
Invok: Depart the Abyss  |     1 |       ||     1
  Use: Potion            |       |     4 ||     4
 Stab: Sleeping          |     2 |     1 ||     3
Armor: Leather armour    |    78 |    21 ||    99
       Skin              |       |    15 ||    15
       Plate armour      |       |   216 ||   216
Dodge: Dodged            |    94 |    57 ||   151

Table legend: (Time is in decaauts)
 A = Elapsed time spent in this place.
 B = Non-inter-level travel time spent in this place.
 C = Inter-level travel time spent in this place.
 D = Time resting spent in this place.
 E = Time spent auto-exploring this place.
 F = Levels seen in this place.
 G = Mean time per level.
                   A        B        C        D        E       F      G
               +--------+--------+--------+--------+--------+-----+--------+
         Total |   5765 |   5650 |    115 |      0 |   4875 |   5 | 1153.0 |
       Dungeon |   5701 |   5586 |    115 |      0 |   4820 |   4 | 1425.2 |
         Abyss |     64 |     64 |      0 |      0 |     55 |   1 |   64.0 |
               +--------+--------+--------+--------+--------+-----+--------+

Top non-repeatable levels by time:
     D:3: 2126 daAuts
     D:1: 1481 daAuts
     D:2: 1339 daAuts
     D:4: 754 daAuts
 Abyss:1: 64 daAuts
